 Dungeon Crawl Stone Soup version 0.30-a0-528-g8c47a4955b (webtiles) character file.

Game seed: 13383705709018023178

80 grandi the Trooper (level 4, -5/40 HPs)
             Began as a Draconian Berserker on Dec 23, 2022.
             Was a Believer of Trog.
             Slain by an ogre
             ... wielding a +0 giant spiked club
              (32 damage)
             ... on level 4 of the Dungeon.
             The game lasted 00:35:38 (2997 turns).

grandi the Trooper (Draconian Berserker)            Turns: 2997, Time: 00:35:38

Health: -5/40      AC:  5    Str: 21    XL:     4   Next: 18%
Magic:  4/4        EV: 12    Int:  6    God:    Trog [**....]
Gold:   234        SH:  3    Dex: 14    Spells: 3/3 levels left

rFire   x . .      SeeInvis .    a - +0 short sword
rCold   + . .      Faith    +    m - +0 buckler
rNeg    . . .      Spirit   .    (body armour unavailable)
rPois   .          Reflect  .    (helmet restricted)
rElec   .          Harm     .    (no cloak)
rCorr   .          Rampage  .    (no gloves)
Will    .....                    (no boots)
Stlth   +                        c - amulet of faith
HPRegen 0.26/turn                h - ring of ice
MPRegen 0.09/turn                (no ring)

@: no status effects
A: AC +5, unfitting armour, cold-blooded, agile 1, sense surroundings 1
a: Renounce Religion, Berserk, Trog's Hand


You were on level 4 of the Dungeon.
You worshipped Trog.
Trog was pleased with you.
You visited 1 branch of the dungeon, and saw 4 of its levels.

You collected 234 gold pieces.

Inventory:

Hand Weapons
 a - a +0 short sword (weapon)
 i - a +0 sling
 k - a +0 hand axe
Missiles
 d - 23 stones
 p - 4 poisoned darts
Armour
 e - a +0 ring mail
 f - a +0 leather armour
 j - a +0 scale mail
 l - a +0 leather armour
 m - a +0 buckler (worn)
Jewellery
 c - an amulet of faith (around neck)
 h - a ring of ice (left hand)
Scrolls
 g - 2 scrolls of teleportation
 n - a scroll of fog
 q - a scroll of fear
Potions
 o - a potion of ambrosia {unknown}


   Skills:
 + Level 4.1 Fighting
 + Level 3.7 Short Blades
 + Level 3.4 Dodging
 + Level 0.3 Stealth


You had 3 spell levels left.
You didn't know any spells.
Your spell library was empty.

Dungeon Overview and Level Annotations

Branches:
Dungeon (4/15)
 Temple: D:4-7

Altars:
Elyvilon
Sif Muna

Annotations:
D:2 Sigmund


Innate Abilities, Weirdness & Mutations

Your plain brown scales are hard. (AC +5)
You cannot fit into any form of body armour.
You are cold-blooded and may be slowed by cold attacks.
You are agile. (Dex +4, Str/Int -1)
You passively map a small area around you.


Message History

You open the door.
There is an open door here.
Found a stone staircase leading down.
Found a scroll labelled XIGYERH UB WOSA.
q - a scroll labelled XIGYERH UB WOSA
Okay, then.
As you read the scroll of identify, it crumbles to dust.
q - a scroll of fear
There is a stone staircase leading down here.
You climb downwards.
There is a stone staircase leading up here.
An endoplasm comes into view.
Found 7 gold pieces.
An ogre comes into view. It is wielding a +0 giant spiked club.
Found a scroll labelled FYSAOD JIUL.
The endoplasm quivers.
A giant cockroach comes into view.
The endoplasm freezes you.
You are frozen.
You resist.
You hit the endoplasm but do no damage. You tail-slap the endoplasm.
The endoplasm is severely wounded.
You hit the endoplasm.
You kill the endoplasm!
Trog accepts your kill.
You hit the ogre but do no damage. You tail-slap the ogre.
The ogre is lightly wounded.
The ogre misses you.
You barely miss the ogre.
The ogre is lightly wounded.
The ogre hits you with a +0 giant spiked club!
You hit the ogre. You tail-slap the ogre.
The ogre is moderately wounded.
The giant cockroach bites you but does no damage.
You hit the ogre.
The ogre is heavily wounded.
The giant cockroach barely misses you.
The ogre hits you with a +0 giant spiked club!!
Ouch! That really hurt!
You die...

* * * * * * * ,
####### ,
.......#### , ,
#........#######...,
, #...<....@B......
#...####.O....... ,
#..# #.....$.... ###
*#...........
#............
#.....##...... ,
#....### ...?.. ,
..... ...... ,,, ,


You could see an ogre and a giant cockroach.

Vanquished Creatures
  An adder (D:3)
  A worm (D:3)
  6 orcs (D:3)
  6 ball pythons
  6 endoplasms
  2 giant cockroaches (D:1)
  4 goblins
  4 hobgoblins
  2 jackals (D:3)
  2 quokkas (D:3)
  3 bats
  5 frilled lizards
  9 kobolds
  7 rats
58 creatures vanquished.

Notes
Turn   | Place    | Note
-------+----------+-------------------------------------------
     0 | D:1      | grandi the Draconian Berserker began the quest for the Orb.
     0 | D:1      | Reached XP level 1. HP: 19/19 MP: 1/1
    39 | D:1      | Upgraded the game from 0.30-a0-509-gd016549fea to
                  | 0.30-a0-528-g8c47a4955b
   261 | D:1      | You fall into a shaft and drop 1 floor!
   332 | D:2      | Reached XP level 2. HP: 26/26 MP: 2/2
  1278 | D:2      | Noticed Sigmund
  1294 | D:2      | Gained mutation: You passively map a small area around you.
                  | [potion of mutation]
  1294 | D:2      | Gained mutation: You are agile. (Dex +4, Str/Int -1)
                  | [potion of mutation]
  1295 | D:2      | HP: 1/27 [poisoned by Sigmund]
  1301 | D:3      | Found a shimmering blue altar of Sif Muna.
  1553 | D:1      | Reached XP level 3. HP: 33/33 MP: 3/3
  1583 | D:1      | Reached ** piety under Trog
  1626 | D:1      | Reached skill level 4 in Fighting
  2431 | D:3      | Found a white marble altar of Elyvilon.
  2522 | D:3      | Reached XP level 4. HP: 40/40 MP: 4/4
  2988 | D:4      | Noticed an ogre
  2997 | D:4      | Slain by an ogre

Illustrated notes

Levels and vault maps discovered:
D:1:      dpeg_arrival_tiny_c, layout_basic, serial_glass, glass_columns_b,
          glass_columns_a, minmay_heptomino_w4
D:2:      layout_loops_corners, uniq_sigmund
D:3:      layout_basic, elyvilon_altar_3, amcnicky_altar_gilded,
          minmay_pentomino_pile
D:4:      layout_cave_pods, minmay_misc_feat_rows, minmay_misc_feat_cross,
          uniq_grinder

Skill      XL: |  1  2  3 |
---------------+----------+-----
Dodging        | 3 |  3.4
Fighting       | 4 |  4.1
Short Blades   | |  3.7
Stealth        | |  0.3

Action                   |  1- 3 |  4- 6 || total
-------------------------+-------+-------++-------
Melee: Short sword       |   207 |    25 ||   232
       Tailslap          |    32 |     6 ||    38
       Punch             |     1 |       ||     1
  Use: Scroll            |     7 |     1 ||     8
       Potion            |     3 |       ||     3
Armor: Skin              |    53 |     4 ||    57
Dodge: Dodged            |   194 |    11 ||   205
Block: Buckler           |       |     3 ||     3

Table legend: (Time is in decaauts)
 A = Elapsed time spent in this place.
 B = Non-inter-level travel time spent in this place.
 C = Inter-level travel time spent in this place.
 D = Time resting spent in this place.
 E = Time spent auto-exploring this place.
 F = Levels seen in this place.
 G = Mean time per level.
                   A        B        C        D        E       F      G
               +--------+--------+--------+--------+--------+-----+--------+
         Total |   2962 |   2877 |     85 |      0 |      0 |   4 |  740.5 |
       Dungeon |   2962 |   2877 |     85 |      0 |      0 |   4 |  740.5 |
               +--------+--------+--------+--------+--------+-----+--------+

Top non-repeatable levels by time:
     D:2: 1222 daAuts
     D:3: 934 daAuts
     D:1: 795 daAuts
     D:4: 10 daAuts
